AoeStats
← KRäzi

MegaRandom

505064513Analyzed
3v3 RM · 25d ago on Sep 7, 2026· 44m 26s· 6 players
Game mode
Random Map
Map size
Normal (6 player)
Population
200
Speed
Normal
Resources
Standard
Victory
Conquest
Starting age
Dark Age
Ending age
Imperial Age
RankedLock teamsTeams togetherTeam positionsShared explorationLock speedFull tech treeHidden civsTurbo modeCheats
Victory
Defeat
🇦🇷 Hindustanis · Argentina
1168
+14
🇩🇪 Cumans · Germany
1111
+16
🇷🇺 Muisca · Russia
1059
+18
🇧🇷 Mongols · Brazil
1143
-17
🇺🇸 Berbers · United States
1121
-16
🇫🇷 Hindustanis · France
1083
-15
KRäzi
13:58 Feudal Age
15:14 Double-Bit Axe
17:47 Castle Age
15:36 Horse Collar
16:04 Scale Barding Armor
17:41 Gold Mining
19:08 Heavy Plow
19:20 Bow Saw
19:17 Husbandry
21:43 Bloodlines
22:16 Forging
24:55 Chain Barding Armor
28:45 Padded Archer Armor
29:08 Fletching
31:21 Gold Shaft Mining
35:05 Iron Casting
39:30 Imperial Age
37:35 Kasbah
38:25 Wheelbarrow
40:40 Hand Cart
39:47 Cavalier
39:47 Heavy Camel Rider
44:10 Bodkin Arrow
44:30 Leather Archer Armor
Fpavoni
5:37 Loom
11:09 Feudal Age
12:54 Double-Bit Axe
16:14 Fletching
19:18 Castle Age
18:31 Padded Archer Armor
19:43 Crossbowman
24:23 Ballistics
25:37 Town Watch
28:23 Bow Saw
28:27 Horse Collar
33:32 Imperial Age
33:09 Bloodlines
33:10 Pikeman
34:10 Husbandry
33:46 Capped Ram
34:20 Light Cavalry
35:07 Bodkin Arrow
38:16 Scale Mail Armor
38:27 Forging
39:17 Wheelbarrow
39:26 Drill
38:42 Elite Skirmisher
41:03 Hand Cart
42:06 Gold Mining
43:18 Conscription
43:36 Chain Mail Armor
43:56 Iron Casting
43:27 Scale Barding Armor
Frodon le Hobbit
14:15 Feudal Age
16:56 Double-Bit Axe
17:05 Loom
23:43 Castle Age
22:09 Horse Collar
24:12 Gold Mining
25:28 Squires
25:32 Scale Mail Armor
26:19 Padded Archer Armor
28:01 Medium Warships
33:31 Imperial Age
31:32 Ballistics
31:53 Murder Holes
32:14 Bloodlines
32:16 Heavy Plow
34:06 Grand Trunk Road
35:39 Chemistry
37:38 Town Watch
42:42 Stone Mining
theotherside
5:34 Loom
12:34 Feudal Age
13:26 Double-Bit Axe
13:44 Horse Collar
21:18 Castle Age
21:12 Stone Mining
25:01 Bloodlines
26:16 Bow Saw
27:18 Scale Barding Armor
28:42 Wheelbarrow
27:59 Town Watch
28:18 Heavy Plow
32:40 Fletching
36:17 Imperial Age
35:28 Chain Barding Armor
36:26 Forging
36:59 Steppe Husbandry
36:57 Elite Steppe Lancer
38:21 Plate Barding Armor
38:47 Gold Mining
39:19 Hand Cart
41:47 Iron Casting
43:50 Bodkin Arrow
45:09 Crop Rotation
rudalex2006
11:34 Feudal Age
11:02 Loom
12:57 Double-Bit Axe
14:17 Horse Collar
20:20 Castle Age
20:12 Scale Mail Armor
20:24 Forging
20:07 Champi Runner
21:43 Wheelbarrow
20:55 Town Watch
21:41 Champi Warrior
22:23 Squires
26:45 Bow Saw
28:37 Gold Mining
32:07 Demolition Ship
33:51 Heavy Plow
34:08 Chain Mail Armor
34:28 Iron Casting
38:19 Herbalism
41:29 Imperial Age
40:15 Hand Cart
42:10 Elite Champi Warrior
43:27 Plate Mail Armor
Rototom
6:24 Loom
11:36 Feudal Age
12:04 Double-Bit Axe
13:17 Gold Mining
14:55 Fletching
16:02 Horse Collar
20:40 Castle Age
21:46 Medium Warships
21:50 Bow Saw
22:05 Bodkin Arrow
28:01 Heavy Plow
29:27 Wheelbarrow
35:07 Imperial Age
34:24 Gold Shaft Mining
34:06 Scale Barding Armor
34:12 Forging
34:29 Husbandry
34:40 Bloodlines
35:13 Hand Cart
34:55 Stone Mining
35:36 Heavy Camel Rider
38:19 Chain Barding Armor
38:36 Iron Casting
39:16 Imperial Camel Rider
Connection lost

Rejoining the realm…

Still unreachable

The connection could not be restored.

Session expired

The server has moved on; the page needs a fresh start.